 Dungeon Sprint DCSS version 0.32-a0-640-gc5db3fc80f (webtiles) character file.

Game seed: 2720170116977993278

233579 petercordia the Armataur Barricade (level 16, -4/183 HPs)
             Began as an Armataur Fighter on Mar 7, 2024.
             Was a High Priest of Cheibriados.
             Killed by vampiric draining
             ... invoked by Jory
              (18 damage)
             ... in the Dungeon (Sprint IX: "|||||||||||||||||||||||||||||").
             The game lasted 00:32:06 (6787 turns).

petercordia the Armataur Barricade (AtFi)           Turns: 6787, Time: 00:32:06

Health: -4/183     AC: 45    Str: 43    XL:     16   Next: 94%
Magic:  19/31      EV: 14    Int: 23    God:    Cheibriados [*****.]
Gold:   1027       SH: 33    Dex: 24    Spells: 15/15 levels left

rFire   + . .        m - +4 morningstar (protect)
rCold   . . .        L - +0 tower shield {reflect}
rNeg    . . .        v - +4 plate armour {rF+}
rPois   +            K - +0 hat {Will+}
rElec   .            C - +1 cloak
rCorr   .            n - +0 pair of gloves
SInv    .            u - +0 barding
Will    +++..        c - amulet of reflection Stlth
                     y - ring of willpower
HPRegen 0.50/turn    A - ring of poison resistance
MPRegen 0.22/turn

%: no teleportation, reflection, roll
@: under a protective aura, mesmerised, very slow
A: large, deformed body, tough skin 3, armoured tail, roll 2
}: 5/17 runes: decaying, serpentine, barnacled, silver, gossamer
a: Renounce Religion, Bend Time, Temporal Distortion, Slouch, Step From Time


You were in the Dungeon.
You worshipped Cheibriados.
Cheibriados was extremely pleased with you.
You visited 1 branch You collected 1996 gold pieces.
You spent 969 gold pieces at shops.

Inventory:

Hand Weapons
 m - a +4 morningstar of protection (weapon)
Missiles
 a - 3 javelins (quivered)
 b - 3 silver javelins
 o - 3 curare-tipped darts
Armour
 n - a +0 pair of gloves (worn)
 u - a +0 barding (worn)
 v - a +4 plate armour of fire resistance (worn)
 C - a +1 cloak (worn)
 D - a +1 kite shield of protection
 K - a +0 hat of willpower (worn)
 L - a +0 tower shield of reflection (worn)
 Q - +0 shadow dragon scales
Jewellery
 c - an amulet of reflection (around neck)
 p - a +2 ring of slaying
 q - a +6 ring of strength
 r - a +2 ring of protection
 y - a ring of willpower (left hand)
 z - a ring of willpower
 A - a ring of poison resistance (right hand)
 B - an amulet of magic regeneration
 E - a +4 ring of evasion
 F - a +6 ring of dexterity
 N - a ring of fire
Wands
 l - a wand of iceblast (10)
 M - a wand of paralysis (11)
Scrolls
 d - 4 scrolls of enchant armour
 i - 2 scrolls of fear
 j - 6 scrolls of blinking
 k - 2 scrolls of amnesia
 s - 7 scrolls of enchant weapon
 w - a scroll of immolation
 x - 3 scrolls of fog
 J - a scroll of identify
Potions
 e - 3 potions of curing
 f - 13 potions of heal wounds
 g - 4 potions of haste
 h - 4 potions of magic
 t - 2 potions of mutation
 G - 3 potions of resistance
 H - a potion of brilliance
 I - 3 potions of might
 P - a potion of enlightenment {unknown}
Miscellaneous
 O - a phial of floods


   Skills:
 O Level 27 Fighting
 - Level 16.0 Maces & Flails
 + Level 2.5 Throwing
 O Level 27 Armour
 + Level 11.0 Dodging
 O Level 27 Shields
 - Level 23.2 Invocations


You had 15 spell levels left.
You didn't know any spells.
Your spell library contained the following spells:

 Spells                   Type           Power      Damage    Failure   Level
 Cigotuvi's Dreadful Rot  Necr/Alch/Air  0%         N/A       43%         2
 Hailstorm                Conj/Ice       0%         3d5       67%         3
 Brom's Barrelling Bould  Conj/Erth      0%         2d3       97%         4
 Petrify                  Alch/Erth      0%         N/A       97%         4


Dungeon Overview and Level Annotations

Branches:
Dungeon (1/1)

Altars:
Cheibriados
Dithmenos
Elyvilon
Fedhas
Gozag
Hepliaklqana
Kikubaaqudgha
Makhleb
Nemelex Xobeh
Okawaru
Qazlal
Ru
Sif Muna
Trog
Uskayaw
Vehumet
Wu Jian
Xom
Yredelemnul
Zin
The Shining One
Beogh
Jiyva
Lugonu

Shops:
D [=?*

Annotations:
D Jory, Snorg


Innate Abilities, Weirdness & Mutations

Armour fits poorly on your strangely shaped body.
You have extremely tough skin. (AC +3)
You have a long armoured tail.
You regenerate magic and health when rolling toward enemies. (Rampage Regen)


Message History

You puncture Jory! You tail-slap Jory, but do no damage.
Jory is heavily damaged.
You block Jory's attack. x2
Snorg the Insatiable comes into view.
Snorg shouts!
You sock Jory! You tail-slap Jory, but do no damage.
Jory is severely damaged.
You block Jory's attack. x2
You closely miss Jory.
Jory is severely damaged.
You hit Jory but do no damage. You tail-slap Jory, but do no damage.
Jory is severely damaged.
You block Jory's attack. x2
You impale Jory!!
Jory is severely damaged.
Jory draws life force from you!
* * * LOW HITPOINT WARNING * * *
Jory is healed by the life force!
You barely miss Jory.
Jory is severely damaged.
Snorg beckons gently.
Jory gestures wildly while chanting.
Jory draws you further into his thrall.
You sock Jory!
Jory is severely damaged.
Blink to where?
Press: ? - help, Dir - move target You cannot blink away from Jory!
Blink to where?
Press: ? - help, Dir - move target, f - you
Okay, then.
Unknown command.
Unknown command.
Unknown command.
You hit Jory but do no damage. You tail-slap Jory, but do no damage.
Jory is severely damaged.
Jory draws life force from you!!
You die...
Jory screams, "Yes, yes!"
Cheibriados appreciates the motionlessness of death.

▓▓▓▓▓▓▓▓▓▓▓▓▓▓▓▓▓▓
▓...▓...▓...▓...▓.
▓.▓.▓.▓.▓.▓.▓.▓.▓.
▓.▓.▓.▓.▓.▓.▓.▓.▓.
▓.▓'▓.▓.▓.▓.▓.▓.▓.
▓.▓.▓.▓'▓.▓.▓.▓.▓.
▓V▓)▓.♣.♣.▓.▓.▓.▓.
▓@▓|▓.♣.♣.▓.▓.▓.▓.
▓)▓.▓.♣.♣.▓.▓.▓.▓.
▓.▓)▓.♣.♣.▓.▓.▓.▓.
▓T▓)▓.♣.♣.▓.▓.▓'▓.
▓.▓)▓.♣.♣.▓'▓.▓.▓.
▓.▓)▓.♣.♣.▓.▓.▓.▓.
▓.▓)▓.♣†♣.▓.▓.▓.▓.
▓.▓†▓.♣.♣.▓.▓.▓.▓.
▓†▓.♣.♣.▓.▓.▓.▓.


You could see Jory (mesmerising) and Snorg.

Vanquished Creatures
  Frederick (D)
  Mara (D)
  Margery (D)
  A golden dragon (D)
  A hellephant (D)
  A tentacled monstrosity (D)
  A lich (D)
  A quicksilver dragon (D)
  A deep elf blademaster (D)
  A titan (D)
  2 tengu reavers (D)
  5 shadow dragons (D)
  Ilsuiw (D)
  A fire giant (D)
  6 emperor scorpions (D)
  4 nagarajas (D)
  2 frost giants (D)
  2 ghost moths (D)
  6 vault wardens (D)
  4 ironbound preservers (D)
  A broodmother (D)
  A formless jellyfish (D)
  A stone giant (D)
  A deep elf demonologist (D)
  A dire elephant (D)
  A deep elf death mage (D)
  A war gargoyle (D)
  5 merfolk impalers (D)
  2 merfolk javelineers (D)
  4 ettins (D)
  2 yaktaur captains (D)
  An entropy weaver (D)
  2 fire dragons (D)
  Josephine (D)
  A deep elf high priest (D)
  6 ice dragons (D)
  2 shambling mangroves (D)
  7 hydras (D)
  27 vault guards (D)
  A rakshasa (D)
  2 merfolk aquamancers (D)
  6 ogre magi (D)
  2 radroaches (D)
  5 boulder beetles (D)
  2 merfolk avatars (D)
  A tengu warrior (D)
  Erica (D)
  6 two-headed ogres (D)
  2 alligators (D)
  3 deep troll earth magi (D)
  4 demonic crawlers (D)
  A naga sharpshooter (D)
  A deep troll shaman (D)
  An orc high priest (D)
  3 spriggans (D)
  3 spriggan berserkers (D)
  5 naga warriors (D)
  3 hell knights (D)
  A shock serpent (D)
  Nergalle (D)
  A sea snake (D)
  2 goliath frogs (D)
  A mana viper (D)
  A bog body (D)
  2 arcanists (D)
  5 swamp dragons (D)
  2 orc knights (D)
  6 ironbound convokers (D)
  A steelbarb worm (D)
  3 wolf spiders (D)
  2 cyclopes (D)
  2 ugly things (D)
  A merfolk siren (D)
  A meliai (shapeshifter) (D)
  8 elephants (D)
  4 guardian serpents (D)
  3 vault sentinels (D)
  3 naga magi (D)
  A torpor snail (D)
  3 cane toads (D)
  A tengu conjurer (D)
  2 yaktaurs (D)
  A kobold demonologist (D)
  2 wind drakes (D)
  6 hornets (D)
  2 merfolk (D)
  A jumping spider (D)
  2 snapping turtles (D)
  A dream sheep (D)
  3 slime creatures (D)
  A vampire (D)
  3 yaks (D)
  6 wraiths (D)
  A basilisk (D)
  3 redbacks (D)
  2 vampire mosquitoes (D)
  3 nagas (D)
  3 water moccasins (D)
  3 swamp drakes (D)
  11 orc warriors (D)
  4 ogres (D)
  A wolf (D)
  A phantom (D)
  4 bullfrogs (D)
  A scorpion (D)
  A killer bee (D)
  3 orc priests (D)
  2 hounds (D)
  2 orc wizards (D)
  An iguana (D)
  A gnoll (D)
  6 orcs (D)
  A ball python (D)
  2 bats (D)
  An endoplasm (D)
304 creatures vanquished.

Notes
Turn   | Place    | Note
-------+----------+-------------------------------------------
     0 | D        | petercordia the Armataur Fighter began the quest for the
                  | Orb.
     0 | D        | Reached XP level 1. HP: 18/18 MP: 1/1
    11 | D        | Reached XP level 2. HP: 25/25 MP: 2/2
    18 | D        | Noticed a phantom
    18 | D        | Noticed a scorpion
    23 | D        | Reached skill level 5 in Maces & Flails
    23 | D        | Reached XP level 3. HP: 17/31 MP: 3/3
    24 | D        | Reached skill level 1 in Dodging
    24 | D        | Reached XP level 4. HP: 23/40 MP: 4/4
    27 | D        | Killed a scorpion
    28 | D        | Reached skill level 5 in Shields
    30 | D        | Reached XP level 5. HP: 38/47 MP: 5/5
    35 | D        | Killed a phantom
    36 | D        | Reached skill level 5 in Fighting
    42 | D        | Found a roughly hewn altar of Beogh.
    42 | D        | Found a snail-covered altar of Cheibriados.
    42 | D        | Found a shadowy altar of Dithmenos.
    42 | D        | Found a white marble altar of Elyvilon.
    42 | D        | Found a blossoming altar of Fedhas.
    42 | D        | Found an opulent altar of Gozag.
    43 | D        | Found a hazy altar of Hepliaklqana.
    44 | D        | Found a viscous altar of Jiyva.
    45 | D        | Found an ancient bone altar of Kikubaaqudgha.
    46 | D        | Found a corrupted altar of Lugonu.
    47 | D        | Found a burning altar of Makhleb.
    48 | D        | Found a sparkling altar of Nemelex Xobeh.
    49 | D        | Found an iron altar of Okawaru.
    50 | D        | Found a stormy altar of Qazlal.
    51 | D        | Found a sacrificial altar of Ru.
    52 | D        | Found a shimmering blue altar of Sif Muna.
    53 | D        | Found a bloodstained altar of Trog.
    54 | D        | Found a hide-covered altar of Uskayaw.
    55 | D        | Found a radiant altar of Vehumet.
    56 | D        | Found an ornate altar of the Wu Jian Council.
    57 | D        | Found a shimmering altar of Xom.
    58 | D        | Found a basalt altar of Yredelemnul.
    59 | D        | Found a glowing silver altar of Zin.
    60 | D        | Found a glowing golden altar of the Shining One.
   150 | D        | Became a worshipper of Cheibriados the Contemplative
   183 | D        | Noticed a two-headed ogre
   183 | D        | Noticed a yak
   183 | D        | Noticed a vampire
   183 | D        | Noticed a kobold demonologist
   183 | D        | Noticed a wraith
   191 | D        | Killed a wraith
   192 | D        | Reached skill level 1 in Invocations
   192 | D        | Reached XP level 6. HP: 41/57 MP: 5/7
   195 | D        | Killed a kobold demonologist
   195 | D        | Reached * piety under Cheibriados
   196 | D        | Gained mutation: You regenerate magic and health when
                  | rolling toward enemies. (Rampage Regen) [Armataur growth]
   196 | D        | Reached XP level 7. HP: 48/64 MP: 5/9
   199 | D        | Killed a vampire
   203 | D        | Killed a yak
   204 | D        | Reached skill level 10 in Armour
   206 | D        | Killed a two-headed ogre
   206 | D        | Reached ** piety under Cheibriados
   207 | D        | Reached skill level 10 in Shields
   207 | D        | Reached XP level 8. HP: 32/74 MP: 7/11
   404 | D        | Noticed a slime creature
   404 | D        | Noticed a boulder beetle
   404 | D        | Noticed a purple ugly thing
   404 | D        | Noticed a boulder beetle
   408 | D        | Noticed a polar bear
   408 | D        | a polar bear changed into a meliai
   408 | D        | Noticed a meliai (shapeshifter)
   410 | D        | a meliai changed into a shapeshifter
   410 | D        | Noticed a shapeshifter (shapeshifter)
   411 | D        | a shapeshifter changed into a black mamba
   411 | D        | Noticed a black mamba (shapeshifter)
   416 | D        | a black mamba changed into a golden eye
   425 | D        | Killed a purple ugly thing
   425 | D        | Reached *** piety under Cheibriados
   426 | D        | Reached skill level 10 in Maces & Flails
   429 | D        | Killed a slime creature
   430 | D        | Reached XP level 9. HP: 74/82 MP: 12/12
   443 | D        | a yak changed into a meliai
   443 | D        | Noticed a meliai (shapeshifter)
   447 | D        | Reached **** piety under Cheibriados
   448 | D        | Reached skill level 5 in Invocations
   453 | D        | Killed a boulder beetle
   463 | D        | Killed a meliai
   464 | D        | Reached skill level 5 in Dodging
   468 | D        | Killed a boulder beetle
   468 | D        | Reached ***** piety under Cheibriados
   655 | D        | Noticed a cane toad
   661 | D        | Reached ****** piety under Cheibriados
   661 | D        | Noticed a boulder beetle
   662 | D        | Reached XP level 10. HP: 93/93 MP: 8/14
   662 | D        | Killed a cane toad
   667 | D        | Reached skill level 10 in Fighting
   686 | D        | Killed a boulder beetle
   797 | D        | Noticed a cane toad
   797 | D        | Noticed a torpor snail
   798 | D        | Noticed an eight-headed hydra
   799 | D        | Noticed a cane toad
   799 | D        | Noticed an elephant
   800 | D        | Killed a cane toad
   804 | D        | Killed an eight-headed hydra
   804 | D        | Killed a cane toad
   806 | D        | Killed a torpor snail
   807 | D        | Killed an elephant
   954 | D        | Noticed an elephant
   954 | D        | Noticed an elephant
   954 | D        | Noticed an elephant
   954 | D        | Noticed a dire elephant
   954 | D        | Noticed an elephant
   954 | D        | Noticed an elephant
   958 | D        | Killed an elephant
   959 | D        | Reached XP level 11. HP: 102/102 MP: 0/16
   960 | D        | Killed a dire elephant
   961 | D        | Reached skill level 15 in Maces & Flails
  1073 | D        | Noticed Josephine
  1090 | D        | Killed Josephine
  1132 | D        | Noticed an orc knight
  1137 | D        | Noticed an orc high priest
  1143 | D        | Noticed a soul eater
  1148 | D        | Noticed a sun demon
  1150 | D        | Killed an orc knight
  1158 | D        | Killed an orc high priest
  1262 | D        | Noticed an orc knight
  1266 | D        | Reached skill level 10 in Invocations
  1275 | D        | Killed an orc knight
  1276 | D        | Reached skill level 15 in Armour
  1325 | D        | Found Icil's General Store.
  1325 | D        | Noticed a two-headed ogre
  1325 | D        | Noticed a two-headed ogre
  1325 | D        | Noticed a two-headed ogre
  1325 | D        | Noticed an ogre mage
  1325 | D        | Noticed an ogre mage
  1328 | D        | Killed an ogre mage
  1334 | D        | Killed an ogre mage
  1335 | D        | Reached XP level 12. HP: 113/116 MP: 20/20
  1337 | D        | Killed a two-headed ogre
  1338 | D        | Found Bymupiogh's Magic Scroll Shop.
  1340 | D        | Killed a two-headed ogre
  1341 | D        | Noticed an ogre mage
  1343 | D        | Noticed an ogre mage
  1346 | D        | Killed a two-headed ogre
  1352 | D        | Killed an ogre mage
  1355 | D        | Killed an ogre mage
  1366 | D        | Found Onkut's Jewellery Boutique.
  1370 | D        | Found Teak's Antique Armour Shop.
  1373 | D        | Noticed a two-headed ogre
  1374 | D        | Noticed a two-headed ogre
  1378 | D        | Killed a two-headed ogre
  1379 | D        | Reached skill level 15 in Fighting
  1381 | D        | Killed a two-headed ogre
  1427 | D        | Bought a runed plate armour for 598 gold pieces
  1441 | D        | Bought a scroll of immolation for 48 gold pieces
  1441 | D        | Bought a scroll of fog for 48 gold pieces
  1444 | D        | Bought a ring of willpower for 275 gold pieces
  1606 | D        | Noticed a tengu warrior
  1606 | D        | Noticed a boulder beetle
  1606 | D        | Noticed a boulder beetle
  1606 | D        | Noticed an ogre mage
  1607 | D        | Noticed a four-headed hydra
  1612 | D        | Killed an ogre mage
  1624 | D        | Noticed a fire dragon
  1630 | D        | Killed a four-headed hydra
  1641 | D        | Killed a boulder beetle
  1647 | D        | Noticed an ice dragon
  1651 | D        | Noticed an ice dragon
  1654 | D        | Killed a boulder beetle
  1664 | D        | Killed a fire dragon
  1668 | D        | Killed a tengu warrior
  1669 | D        | Noticed a fire dragon
  1675 | D        | Killed an ice dragon
  1680 | D        | Killed a fire dragon
  1681 | D        | Killed an ice dragon
  1682 | D        | Reached XP level 13. HP: 35/133 MP: 3/23
  1885 | D        | Noticed an ettin
  1891 | D        | Killed an ettin
  2546 | D        | Noticed a broodmother
  2551 | D        | Killed a ghost moth
  2567 | D        | Killed a broodmother
  2759 | D        | Noticed a formless jellyfish
  2770 | D        | Paralysed by a formless jellyfish for 1 turns
  2778 | D        | Killed a formless jellyfish
  2831 | D        | Reached skill level 15 in Invocations
  2832 | D        | Paralysed by a hornet for 1 turns
  3098 | D        | Noticed Erica
  3112 | D        | Killed Erica
  3113 | D        | Reached XP level 14. HP: 108/149 MP: 25/25
  3262 | D        | Noticed Nergalle
  3269 | D        | Killed Nergalle
  3310 | D        | Noticed a frost giant
  3318 | D        | Killed a frost giant
  3321 | D        | Noticed a tengu reaver
  3330 | D        | Noticed a fire giant
  3334 | D        | Killed a tengu reaver
  3344 | D        | Killed a fire giant
  3565 | D        | Noticed a vault warden
  3572 | D        | Noticed an ironbound preserver
  3579 | D        | Killed a vault warden
  3595 | D        | Killed an ironbound preserver
  3596 | D        | Noticed a vault warden
  3606 | D        | Noticed an ironbound preserver
  3619 | D        | Noticed an ironbound preserver
  3621 | D        | Killed a vault warden
  3627 | D        | Noticed an ironbound preserver
  3628 | D        | Killed an ironbound preserver
  3637 | D        | Killed an ironbound preserver
  3647 | D        | Noticed a frost giant
  3650 | D        | Noticed a deep elf blademaster
  3651 | D        | Killed an ironbound preserver
  3661 | D        | Killed a deep elf blademaster
  3662 | D        | Killed a frost giant
  3897 | D        | Noticed Mara
  3913 | D        | Noticed petercordia's illusion
  3918 | D        | Killed Mara
  3919 | D        | Reached XP level 15. HP: 142/166 MP: 28/28
  4155 | D        | Noticed a hellephant
  4156 | D        | Noticed Margery
  4175 | D        | Killed Margery
  4176 | D        | Reached skill level 15 in Shields
  4184 | D        | Killed a hellephant
  4452 | D        | Noticed a nagaraja
  4453 | D        | Noticed a nagaraja
  4459 | D        | Noticed a nagaraja
  4468 | D        | Killed a nagaraja
  4473 | D        | Killed a nagaraja
  4493 | D        | Noticed a nagaraja
  4500 | D        | Killed a nagaraja
  4525 | D        | Killed a nagaraja
  5016 | D        | Got a serpentine rune of Zot
  5023 | D        | Noticed Ilsuiw
  5048 | D        | Killed Ilsuiw
  5076 | D        | Got a barnacled rune of Zot
  5858 | D        | Noticed an emperor scorpion
  5858 | D        | Noticed an emperor scorpion
  5858 | D        | Noticed an emperor scorpion
  5866 | D        | Killed an emperor scorpion
  5875 | D        | Killed an emperor scorpion
  5883 | D        | Killed an emperor scorpion
  6022 | D        | Noticed an emperor scorpion
  6023 | D        | Noticed an emperor scorpion
  6029 | D        | Noticed an emperor scorpion
  6035 | D        | Killed an emperor scorpion
  6046 | D        | Killed an emperor scorpion
  6063 | D        | Killed an emperor scorpion
  6071 | D        | Got a gossamer rune of Zot
  6125 | D        | Reached XP level 16. HP: 176/176 MP: 29/29
  6133 | D        | Got a decaying rune of Zot
  6316 | D        | Reached skill level 27 in Shields
  6368 | D        | Noticed a titan
  6393 | D        | Noticed a lich
  6396 | D        | Noticed a shadow dragon
  6402 | D        | Killed a titan
  6403 | D        | Reached skill level 27 in Fighting
  6403 | D        | Noticed a shadow dragon
  6423 | D        | Killed a lich
  6423 | D        | Killed a shadow dragon
  6424 | D        | Reached skill level 27 in Armour
  6439 | D        | Killed a shadow dragon
  6636 | D        | Found the +8 pair of quick blades "Gyre" and "Gimble"
                  | {protect}
  6636 | D        | Noticed a shadow dragon
  6636 | D        | Noticed a quicksilver dragon
  6636 | D        | Noticed a tengu reaver
  6636 | D        | Noticed a shadow dragon
  6637 | D        | Noticed a tentacled monstrosity
  6644 | D        | Killed a shadow dragon
  6647 | D        | Noticed a shadow dragon
  6661 | D        | Noticed a golden dragon
  6662 | D        | Killed a tengu reaver
  6663 | D        | Killed a quicksilver dragon
  6672 | D        | Killed a tentacled monstrosity
  6675 | D        | Killed a golden dragon
  6679 | D        | Killed a shadow dragon
  6684 | D        | Killed a shadow dragon
  6685 | D        | Reached skill level 1 in Throwing
  6693 | D        | Got a silver rune of Zot
  6697 | D        | Got the Cyclopedia of the Feculent Shot
  6764 | D        | Identified the orb "Uprotesch" {*channel, Dex+2}
  6764 | D        | Noticed Frederick
  6774 | D        | Noticed Jory
  6778 | D        | Killed Frederick
  6780 | D        | Noticed Snorg
  6787 | D        | Killed from afar by Jory

Illustrated notes

Levels and vault maps discovered:
D:        linesprint [early_d, line_temple, items_1, d_10, items_2, lair_1,
          lair_end, items_3, orc_1, orc_end, items_4, d_15, swamp_1, shoals_1,
          snake_1, spider_1, d_20, vaults_1, items_5, swamp_end, shoals_end,
          snake_end, spider_end, vaults_end, d_27, items_6, zot_1, zot_end,
          crypt_end, forest_end, elf_end, slime_end, tomb_end, abyss_end,
          pan_hell_end]

Skill      XL: |  1  2  3  4  5  6  7  8  9 10 11 12 13 14 15 16 |
---------------+-------------------------------------------------+-----
Maces & Flails | 4 5 7 9 10 12 14 16 | 16.0
Fighting       | 3 4 6 8 9 11 13 17 20 24 27 | 27.0
Armour         | 4 6 8 9 10 11 12 13 15 17 21 24 27 | 27.0
Shields        | 4 6 7 8 10 11 12 13 25 27 | 27.0
Dodging        | 1 2 3 4 5 6 11 | 11.0
Invocations    | 1 2 4 6 7 10 13 15 19 23 | 23.2
Throwing       | 2 |  2.5

Action                     |  1- 3 |  4- 6 |  7- 9 | 10-12 | 13-15 | 16-18 || total
---------------------------+-------+-------+-------+-------+-------+-------++-------
  Melee: Flail             |    15 |    11 |       |       |       |       ||    26
         Tailslap          |     3 |     3 |    23 |    52 |   125 |    65 ||   271
         Morningstar       |       |    10 |    79 |   254 |   546 |   279 ||  1168
  Throw: Javelin           |       |       |       |       |       |     1 ||     1
 Invoke: Slouch            |       |       |     1 |    14 |    30 |    11 ||    56
         Temporal Distorti |       |       |     1 |       |       |       ||     1
         Step From Time    |       |       |       |       |     1 |       ||     1
    Use: Potion            |       |     3 |     3 |       |     2 |       ||     8
         Scroll            |       |       |       |       |     2 |     1 ||     3
   Stab: Distracted        |       |       |       |       |     1 |       ||     1
 Armour: Scale mail        |     8 |     5 |       |       |       |       ||    13
         Chain mail        |       |     8 |    73 |    86 |       |       ||   167
         Plate armour      |       |       |       |    52 |   317 |    71 ||   440
  Dodge: Dodged            |     5 |     4 |    25 |    51 |    69 |    19 ||   173
  Block: Buckler           |     3 |     5 |    25 |    72 |     9 |       ||   114
         Kite shield       |       |       |       |       |   103 |       ||   103
         Tower shield      |       |       |       |       |   303 |   174 ||   477
         Reflection        |       |       |       |       |    12 |     2 ||    14

Table legend: (Time is in decaauts)
 A = Elapsed time spent in this place.
 B = Non-inter-level travel time spent in this place.
 C = Inter-level travel time spent in this place.
 D = Time resting spent in this place.
 E = Time spent auto-exploring this place.
 F = Levels seen in this place.
 G = Mean time per level.
                   A        B        C        D        E       F      G
               +--------+--------+--------+--------+--------+-----+--------+
         Total |   9363 |   8053 |   1310 |    961 |   5066 |   1 | 9363.0 |
       Dungeon |   9363 |   8053 |   1310 |    961 |   5066 |   1 | 9363.0 |
               +--------+--------+--------+--------+--------+-----+--------+

Top non-repeatable levels by time:
       D: 9363 daAuts
